 Dungeon Crawl Stone Soup version 0.25-a0-558-g78a2afb0af (webtiles) character file.

Game seed: 6009071829220728603, levelgen mode: deterministic

91 Emblim88 the Shooter (level 4, 0/37 HPs)
             Began as a Centaur Hunter on Feb 24, 2020.
             Slain by a water moccasin (2 damage)
             ... on level 3 of the Dungeon.
             The game lasted 00:03:08 (2206 turns).

Emblim88 the Shooter (Centaur Hunter)               Turns: 2206, Time: 00:03:08

Health: 0/37       AC: 12    Str: 14    XL:     4   Next: 33%
Magic:  4/4        EV:  9    Int: 10    God:
Gold:   53         SH:  0    Dex: 11    Spells: 3/3 levels left

rFire    . . .     SeeInvis .   n - +4 mace (protect)
rCold    . . .     Gourm    .   (no shield)
rNeg     . . .     Faith    .   l - +0 ring mail
rPois    .         Spirit   .   (no helmet)
rElec    .         Reflect  .   (no cloak)
rCorr    .         Harm     .   (no gloves)
MR       .....                  (no barding)
Stlth    +.........             (no amulet)
HPRegen  0.12/turn              (no ring)
MPRegen  0.09/turn              (no ring)

@: protection aura, hasted, very quick
A: large, hooves 3, deformed body, speed 2, tough skin 3
a: no special abilities


You were on level 3 of the Dungeon.
You were not hungry.

You visited 1 branch of the dungeon, and saw 3 of its levels.

You collected 53 gold pieces.

Inventory:

Hand Weapons
 a - a +1 shortbow
 m - a +0 glaive
 n - a +4 mace of protection (weapon)
 t - a +0 hand crossbow
Missiles
 d - 39 arrows
 e - 4 boomerangs (quivered)
Armour
 c - a +0 leather armour
 l - a +0 ring mail (worn)
Scrolls
 b - 5 scrolls of identify {unknown}
 g - 2 scrolls of remove curse {unknown}
 i - a scroll of blinking {unknown}
 p - a scroll of teleportation {unknown}
 q - a scroll of fear {unknown}
Potions
 j - a potion of resistance {unknown}
 k - a potion of haste
 o - a potion of lignification {unknown}
 r - a potion of berserk rage {unknown}
 u - a potion of heal wounds {unknown}
Comestibles
 f - 9 rations
 s - a chunk of flesh


   Skills:
 + Level 2.8 Fighting
 + Level 6.0 Bows
 + Level 2.1 Dodging
 + Level 1.4 Stealth


You had 3 spell levels left.
You didn't know any spells.
Your spell library was empty.

Dungeon Overview and Level Annotations

Branches:
Dungeon (3/15)

Altars:
Xom

Annotations:
D:2 1 runed translucent door, Crazy Yiuf


Innate Abilities, Weirdness & Mutations

You have hooves in place of feet.
Armour fits poorly on your strangely shaped body.
You cover ground very quickly.
You have extremely tough skin. (AC +3)


Message History

It was a potion of haste.
You feel yourself speed up.
The water moccasin bites you but does no damage.
You sock the water moccasin!
Your weapon exudes an aura of protection.
The water moccasin is severely wounded.
The water moccasin bites you.
* * * LOW HITPOINT WARNING * * *
You closely miss the water moccasin. Your kick misses the water moccasin.
The water moccasin is severely wounded.
The water moccasin bites you.
* * * LOW HITPOINT WARNING * * *
The water moccasin bites you but does no damage.
You hit the water moccasin but do no damage.
The water moccasin is severely wounded.
The water moccasin bites you!
* * * LOW HITPOINT WARNING * * *
You closely miss the water moccasin.
The water moccasin is severely wounded.
The water moccasin bites you.
You die...

#.# #.# #)#
#.# ######
#.# #....#
#.# #.##.#
#.####.##.#
#......##.#
#########@#
......S.#
#######.#
..# ###


You could see a water moccasin.

Vanquished Creatures
  3 adders (D:2)
  2 worms (D:2)
  2 dart slugs
  2 leopard geckos
  3 giant cockroaches
  9 hobgoblins
  A ball python (D:2)
  5 bats
  6 frilled lizards
  6 goblins
  6 kobolds
  9 rats
54 creatures vanquished.

Notes
Turn   | Place    | Note
-------+----------+-------------------------------------------
     0 | D:1      | Emblim88 the Centaur Hunter began the quest for the Orb.
     0 | D:1      | Reached XP level 1. HP: 17/17 MP: 1/1
   312 | D:1      | Reached XP level 2. HP: 17/24 MP: 2/2
   619 | D:1      | Reached skill level 1 in Stealth
  1081 | D:2      | Reached XP level 3. HP: 30/30 MP: 3/3
  1790 | D:2      | Reached XP level 4. HP: 35/37 MP: 4/4
  1833 | D:2      | Found a shimmering altar of Xom.
  1903 | D:2      | Found a runed translucent door.
  1904 | D:2      | Noticed Crazy Yiuf
  1991 | D:2      | Reached skill level 6 in Bows
  2192 | D:3      | Noticed a water moccasin
  2206 | D:3      | Slain by a water moccasin

Levels and vault maps discovered:
D:1:      dpeg_arrival_subterranean_lakeside_camping, layout_basic,
          st_stairs_13, wad_floor_pattern_untrapped,
          chequers_serial_rivers_micro_c
D:2:      minmay_chambers_of_ones, layout_loops_ring, old_standard_altar,
          first_ration, uniq_crazy_yiuf_cottage
D:3:      layout_basic, nicolae_ru_awakened_eye

Skill      XL: |  1  2  3  4 |
---------------+-------------+-----
Stealth        | 1 |  1.4
Dodging        | 2 |  2.1
Bows           | 6 |  6.0
Fighting       | |  2.8

Action                   |  1- 3 |  4- 6 || total
-------------------------+-------+-------++-------
Melee: Mace              |   110 |    31 ||   141
       Kick              |    11 |     5 ||    16
  Use: Potion            |       |     4 ||     4
  Eat: Chunk             |     2 |     1 ||     3
Armor: Leather armour    |    11 |       ||    11
       Ring mail         |    47 |    10 ||    57
Dodge: Dodged            |    59 |    10 ||    69

Table legend:
 A = Non-vault XP
 B = Vault XP
 C = Vault XP percentage of total XP
 D = Non-vault monster count
 E = Vault monster count
 F = Vault count percentage of total count
                 A         B        C        D         E       F
            +---------+---------+-------+---------+---------+-------
      Total |      98 |      32 |  24.6 |      42 |      12 |  22.2
            +---------+---------+-------+---------+---------+-------
        D:1 |      23 |       9 |  28.1 |      13 |       7 |  35.0
        D:2 |      73 |      23 |  24.0 |      28 |       5 |  15.2
        D:3 |       2 |       0 |   0.0 |       1 |       0 |   0.0
            +---------+---------+-------+---------+---------+-------
